 Dungeon Crawl Stone Soup version 0.20-a0-923-g548304e (console) character file.

453347 nht the Wrestler (level 24, -7/221 HPs)
             Began as a Ghoul Fighter on Mar 26, 2017.
             Was a High Priest of Wu Jian.
             Killed from afar by a golden dragon (27 damage)
             ... with a bolt of fire
             ... on level 5 of the Vaults.
             The game lasted 02:36:04 (37677 turns).

nht the Wrestler (Ghoul Fighter)                   Turns: 37677, Time: 02:36:05

Health: -7/221     AC: 37    Str: 30    XL:     24   Next: 34%
Magic:  22/22      EV:  8    Int: 11    God:    Wu Jian [*****.]
Gold:   5322       SH: 19    Dex:  5    Spells: 23/23 levels left

rFire    . . .     SeeInvis +     - Unarmed
rCold    + + .     Gourm    .   l - +5 shield {reflect}
rNeg     + + +     Faith    .   a - +12 plate armour of Beogh's Generosity {*Slow +Inv rElec Dex-3}
rPois    ∞         Spirit   .   B - +1 helmet {Int+3}
rElec    +         Reflect  +   p - scarf {rC+}
rCorr    .         Harm     .   (no gloves)
MR       +....                  c - +2 pair of boots
Stlth    ..........             (no amulet)
Regen    0.0/turn               A - ring of see invisible
MPRegen  0.2/turn               Q - ring of Zuxtem {rElec rN+ AC+2 Int+4 Slay+2}

@: marked, rotting, glowing, studying Translocations, heaven on earth
A: rotting body, claws 1, carnivore 3, cold resistance 1, negative energy
resistance 3, inhibited regeneration, torment resistance, unbreathing
}: 2/15 runes: barnacled, gossamer
a: Serpent's Lash, Heaven On Earth, Renounce Religion, Evoke Invisibility


You were on level 5 of the Vaults.
You worshipped Wu Jian.
Wu Jian was extremely pleased with you.
You were not hungry.

You visited 8 branches of the dungeon, and saw 40 of its levels.
You visited the Abyss 2 times.
You visited 1 bazaar.
You also visited: Ice Cave, Volcano and Desolation.

You collected 6556 gold pieces.
You spent 1234 gold pieces at shops.

Inventory:

Missiles
 g - 93 tomahawks (quivered)
 h - 5 steel javelins
 o - 13 tomahawks of returning
 u - 7 poisoned tomahawks
 x - 6 steel tomahawks
 G - 29 javelins
 K - 11 throwing nets
 R - 14 javelins of returning
 Y - 14 poisoned javelins
 Z - 10 silver javelins
Armour
 a - the +12 plate armour of Beogh's Generosity (worn) {*Slow +Inv rElec Dex-3}
   (You took it off an orc on level 7 of the Dungeon)

   It affects your dexterity (-3).
   It insulates you from electricity.
   It lets you turn invisible.
   It may slow you when you take damage.
 c - a +2 pair of boots (worn)
 l - a +5 shield of reflection (worn)
 p - a scarf of cold resistance (worn)
 B - a +1 helmet of intelligence (worn)
 M - the +3 ring mail "Ymol" {MR++ Regen+ Dex-2}
   (You found it on level 7 of the Dungeon)

   It affects your dexterity (-2).
   It affects your resistance to hostile enchantments.
   It increases your rate of regeneration.
 P - +0 fire dragon scales
Jewellery
 s - an uncursed ring of fire
 A - a ring of see invisible (left claw)
 L - an uncursed ring of flight
 N - an uncursed ring of resist corrosion
 Q - the ring of Zuxtem (right claw) {rElec rN+ AC+2 Int+4 Slay+2}
   (You found it on level 5 of the Vaults)

   [ring of protection]

   It affects your AC (+2).
   It affects your intelligence (+4).
   It affects your accuracy and damage with ranged weapons and melee attacks
   (+2).
   It insulates you from electricity.
   It protects you from negative energy.
 V - an uncursed ring of protection from cold
Wands
 e - a wand of scattershot (0/9)
 r - a wand of acid (0/15)
 v - a wand of disintegration (4/24)
 y - a wand of clouds (2/9)
 C - a wand of iceblast (9/15)
 S - a wand of digging (0/24)
Scrolls
 b - a scroll of recharging
 f - a scroll of torment
 k - a scroll of blinking
 m - 19 scrolls of remove curse
 t - 3 scrolls of magic mapping
 D - 5 scrolls of fog
 F - 6 scrolls of teleportation
 I - 21 scrolls of identify
 J - 12 scrolls of enchant weapon
 T - 6 scrolls of fear
 X - a scroll of enchant armour
Potions
 j - 6 potions of cancellation
 n - 8 potions of agility
 q - 6 potions of ambrosia
 w - 7 potions of curing
 z - 6 potions of flight
 E - 10 potions of haste
 H - 10 potions of heal wounds
 W - 3 potions of resistance
Books
 U - a manual of Translocations
Comestibles
 d - 24 meat rations
 i - 11 royal jellies


   Skills:
 + Level 19.2 Fighting
 - Level 16.6 Throwing
 + Level 16.3 Armour
 - Level 15.0 Shields
 * Level 24.5 Unarmed Combat


You had 23 spell levels left.
You didn't know any spells.

Dungeon Overview and Level Annotations

Branches:
Dungeon (15/15)            Temple (1/1) D:5            Lair (6/6) D:10
 Shoals (4/4) Lair:4       Spider (4/4) Lair:3        Slime (0/5) Lair:5
    Orc (2/2) D:12            Elf (0/3) Orc:2        Vaults (5/5) D:14
  Crypt (3/3) Vaults:3       Tomb (0/3) Crypt:3      Depths (0/5) D:15

Altars:
Ashenzari
Cheibriados
Dithmenos
Elyvilon
Fedhas
Gozag
Hepliaklqana
Kikubaaqudgha
Makhleb
Nemelex Xobeh
Okawaru
Qazlal
Ru
Sif Muna
Trog
Uskayaw
Vehumet
Wu Jian
Xom
Yredelemnul
Zin
The Shining One
Beogh
Jiyva

Shops:
D:8 *   Orc:2 [:%*   Shoals:1 %   Vaults:2 (

Portals:
Pandemonium: Orc:2
Trove: Vaults:4 (give horn of Geryon)

Annotations:
Crypt:1 Mara


Innate Abilities, Weirdness & Mutations

Your body is rotting away.
You thrive on raw meat.
You are immune to poison.
You have sharp fingernails.
You are carnivorous and can eat meat at any time.
Your flesh is cold resistant. (rC+)
You are immune to negative energy. (rN+++)
You do not regenerate when monsters are visible.
You are immune to unholy pain and torment.
You can survive without breathing.


Message History

You see here a golden dragon corpse.
You feel much better. The golden dragon breathes cold at you.
The bolt of cold hits you! You resist.
* * * LOW HITPOINT WARNING * * *
You spin and attack the golden dragon repeatedly.
You mangle the golden dragon!!
The golden dragon is moderately wounded.
You claw the golden dragon!
The golden dragon is moderately wounded.
You block the golden dragon's attack. x2; The golden dragon closely misses you.
You see here a glowing shapeshifter corpse.
You repeatedly attack the golden dragon from above.
You mangle the golden dragon!!
The golden dragon is heavily wounded.
You claw the golden dragon!
The golden dragon is severely wounded.
The golden dragon breathes fire at you. The bolt of fire hits you!
You die...

..$█ ........█
.......█ ......█
.....█ ██ ███ ....█
█...█§███§§§█ █ ██
█.§§█§█§§█
./.█.███.█§§@§§█
█..(█.███D█§§█
█.███.█[/.█p██§§█
...█.███D█p§(█..█
█.█...█.███[██..█
█.███.█.D)█D███..█
...█.███.█...██..█
███.█...█)███p█.█..█
.█.███.█...█9████


You could see a golden dragon and a vault guard.

Vanquished Creatures
  Saint Roka (Vaults:3)
  Frederick (Crypt:3)
  4 golden dragons (Vaults:5)
  Jory (Crypt:1)
  A bone dragon (Abyss:2)
  Jorgrun (Vaults:3)
  4 liches
  4 tentacled monstrosities
  An Ice Fiend (IceCv)
  The ghost of ThermosAquaticus the Brawler, an adept TrFi of Wu Jian (Shoals:3)
  4 titans
  4 ancient champions
  2 sphinxes
  2 krakens
  Polyphemus (Shoals:4)
  Kirke (D:14)
  Agnes (Spider:1)
  A shadow dragon (Vaults:5)
  5 tengu reavers (Vaults:5)
  5 revenants
  Donald (Vaults:2)
  2 frost giants
  Ilsuiw (Shoals:4)
  5 fire giants
  11 vault wardens
  A deep elf sorcerer (Vaults:4)
  4 ghost moths
  A cacodemon (Abyss:2)
  4 ghouls (Crypt:1)
  6 emperor scorpions
  A deep elf elementalist (Vaults:5)
  3 curse skulls (Crypt:3)
  A very ugly thing (Vaults:5)
  A reaper (Crypt:3)
  A war gargoyle (Vaults:5)
  9 stone giants
  16 ironheart preservers
  4 entropy weavers
  3 deep elf demonologists (Vaults:5)
  Nessos (Lair:5)
  A starcursed mass (Abyss:2)
  A spectral titan (Crypt:3)
  A vampire knight (Crypt:2)
  A spark wasp (Spider:4)
  2 deep elf annihilators
  2 dire elephants (Lair:6)
  Snorg (Lair:5)
  8 ettins
  5 deep elf death magi
  5 jiangshi (Crypt:1)
  A fire dragon (D:15)
  3 merfolk javelineers (Shoals:4)
  Josephine (D:14)
  4 eidola
  10 merfolk impalers
  14 ogre magi
  A great orb of eyes (Vaults:1)
  A ragged hierophant (Vaults:3)
  Harold (D:12)
  A deep elf high priest (Vaults:5)
  8 ice dragons
  A servant of whispers (Desolation)
  16 yaktaur captains
  Erolcha (Orc:1)
  24 vault guards
  6 hydras
  A peacekeeper (Vaults:3)
  3 catoblepae
  55 two-headed ogres
  5 centaur warriors
  2 dancing weapons (D:14)
  5 satyrs
  2 deep troll shamans (Vaults:1)
  An alligator snapping turtle (Shoals:4)
  6 merfolk aquamancers
  11 death yaks
  6 vampire magi
  A death knight (Vaults:4)
  Urug (Lair:3)
  7 orc high priests
  A sun demon (Orc:2)
  A soul eater (Crypt:3)
  2 thrashing horrors (Abyss:2)
  20 shadow wraiths
  3 deep elf knights
  2 wretched stars (Abyss:2)
  A fire crab (Spider:1)
  13 skeletal warriors
  A sixfirhy (Abyss:2)
  2 gelid demonspawn (Orc:2)
  A spectral anaconda (Crypt:3)
  An unseen horror (shapeshifter) (Vaults:2)
  5 unseen horrors
  9 sea snakes
  4 wizards
  10 flayed ghosts
  2 glowing orange brains
  14 deep trolls
  2 anaconda skeletons (Volcano)
  10 ironbrand convokers
  3 necromancers
  6 deep elf archers
  7 lindwurms (Lair:6)
  23 orc knights
  A sphinx zombie (Vaults:4)
  A fire giant zombie (Crypt:3)
  A golden dragon skeleton (Crypt:2)
  An iron dragon zombie (Crypt:3)
  20 phantasmal warriors
  9 deep elf magi
  A mana viper (shapeshifter) (Vaults:5)
  15 harpies
  6 orc sorcerers
  A human zombie (Vaults:4)
  14 orb spiders
  A salamander (shapeshifter) (Vaults:4)
  8 fauns
  33 wolf spiders
  A cyclops (shapeshifter) (Vaults:1)
  9 manticores
  11 cyclopes
  A spectral fire dragon (Crypt:3)
  12 elephants
  A moth of wrath (Spider:3)
  An apocalypse crab (Abyss:2)
  48 ugly things
  A water nymph (Shoals:2)
  10 merfolk sirens
  A fire giant skeleton (Crypt:1)
  7 black mambas
  An ice statue (IceCv)
  6 gargoyles
  19 vault sentinels
  4 orange demons
  A guardian serpent (Abyss:2)
  A rime drake (shapeshifter) (Vaults:4)
  A rime drake (Lair:1)
  2 efreet
  23 spiny frogs
  4 komodo dragons
  7 torpor snails
  2 kobold demonologists (D:14)
  2 anaconda simulacra (IceCv)
  A pale draconian skeleton (Crypt:1)
  A death yak skeleton (Crypt:3)
  17 freezing wraiths
  28 yaktaurs
  A golden dragon simulacrum (IceCv)
  8 ice devils (IceCv)
  2 hellwings
  4 ancient zymes (Abyss:2)
  16 demonic crawlers
  16 jumping spiders
  A silent spectre (Abyss:2)
  A queen ant zombie (Crypt:2)
  32 merfolk
  7 wind drakes
  A wind drake (shapeshifter) (Vaults:3)
  A tengu simulacrum (Vaults:4)
  A troll (shapeshifter) (Vaults:5)
  10 trolls
  23 slime creatures
  3 raiju (Abyss:2)
  2 tyrant leeches (Lair:6)
  22 hornets
  Prince Ribbit (D:7)
  2 spectral guardian serpents (Crypt:3)
  A blink frog (shapeshifter) (Vaults:4)
  2 harpy skeletons (Volcano)
  8 saltlings
  8 dream sheep
  A hippogriff (shapeshifter) (Vaults:3)
  12 snapping turtles
  A spectral black mamba (Crypt:3)
  6 blink frogs
  A guardian serpent skeleton (Crypt:3)
  3 small abominations (Abyss:2)
  10 hippogriffs
  17 flying skulls
  63 redbacks
  3 alligator skeletons (Volcano)
  A redback (shapeshifter) (Vaults:5)
  A vampire (D:14)
  18 yaks
  A fire dragon skeleton (Abyss:2)
  7 shadows
  A ynoxinul (Orc:2)
  28 tarantellas
  11 water elementals
  2 hogs (D:14)
  A fire bat (Abyss:2)
  12 wraiths
  An ettin skeleton (Vaults:4)
  3 dire elephant simulacra (IceCv)
  2 wind drake zombies (Crypt:1)
  5 wyverns
  5 basilisks
  A death yak simulacrum (IceCv)
  6 hungry ghosts (Crypt:3)
  A yaktaur simulacrum (Vaults:2)
  7 vampire mosquitoes
  A neqoxec (Abyss:2)
  7 wargs
  A gelid demonspawn zombie (Crypt:2)
  3 harpy simulacra (IceCv)
  4 large abominations (Abyss:2)
  A soldier ant (D:11)
  4 acid dragons
  4 iron troll simulacra (IceCv)
  6 hydra simulacra (IceCv)
  10 water moccasins
  A floating eye (shapeshifter) (Vaults:2)
  16 porcupines
  2 ice beasts
  3 phantoms
  2 sky beasts
  2 black bears
  An elephant zombie (Crypt:1)
  68 orc warriors
  A dream sheep zombie (Crypt:3)
  3 necrophages
  2 wolves (Lair:6)
  48 ogres
  A boggart (shapeshifter) (Vaults:5)
  An eye of draining (shapeshifter) (Vaults:5)
  A swamp dragon skeleton (Crypt:3)
  9 boggarts (Vaults:1)
  A snapping turtle skeleton (Crypt:3)
  18 centaurs
  12 crocodiles
  A fire crab zombie (Crypt:3)
  4 big kobolds
  18 bullfrogs
  A yaktaur zombie (Crypt:1)
  A wyvern skeleton (D:13)
  A water moccasin skeleton (Crypt:2)
  4 scorpions
  A warg skeleton (Crypt:2)
  A warg zombie (Crypt:2)
  11 killer bees
  An elephant simulacrum (IceCv)
  12 wights
  A yak skeleton (Crypt:1)
  2 troll skeletons (Volcano)
  4 howler monkeys
  2 vampire bats (D:4)
  2 electric eels (Lair:1)
  5 crimson imps
  A wolf skeleton (Crypt:2)
  5 bullfrog skeletons
  A bullfrog zombie (D:6)
  6 quasits
  3 centaur zombies
  35 orc priests
  9 hounds
  A draconian simulacrum (IceCv)
  17 orc wizards
  3 jellies
  2 human skeletons
  8 centaur skeletons
  7 iguanas
  Ijyb (D:2)
  A spriggan simulacrum (IceCv)
  2 troll simulacra (IceCv)
  7 worker ants
  3 centaur simulacra (IceCv)
  A big kobold skeleton (Crypt:3)
  2 naga skeletons (Volcano)
  A deep dwarf skeleton (Crypt:3)
  A hound skeleton (D:10)
  A worker ant zombie (D:5)
  A howler monkey zombie (D:10)
  12 gnolls
  9 adders
  3 naga simulacra (IceCv)
  2 ogre simulacra (IceCv)
  2 shadow imps
  3 white imps (IceCv)
  12 ufetubi
  5 oozes
  2 adder zombies
  An adder skeleton (Crypt:1)
  A halfling skeleton (Crypt:1)
  2 worms
  2 dart slugs (D:3)
  10 leopard geckos
  138 orcs
  A bat skeleton (D:4)
  3 bat zombies (D:4)
  6 giant cockroaches
  13 goblins
  6 hobgoblins
  5 jackals (D:1)
  3 quokkas
  A ball python (D:4)
  2 bats (D:1)
  3 frilled lizards
  A jackal skeleton (D:4)
  13 kobolds
  2 quokka skeletons
  A quokka zombie (D:6)
  9 rats
  A rat skeleton (Crypt:1)
  6 plants
  6 tentacles
1939 creatures vanquished.

Vanquished Creatures (others)
  A centaur warrior (Vaults:1)
  A deep elf archer (Vaults:4)
  6 yaktaurs
  A jumping spider (Spider:1)
  A flying skull (Volcano)
  A small abomination (Abyss:2)
  29 fungi
  11 plants
  21 tentacles
72 creatures vanquished.

Grand Total: 2011 creatures vanquished

Notes
Turn   | Place    | Note
-------+----------+-------------------------------------------
     0 | D:1      | nht the Ghoul Fighter began the quest for the Orb.
     0 | D:1      | Reached XP level 1. HP: 19/19 MP: 0/0
     0 | D:1      | Noticed a jelly
     1 | D:1      | Found a runed door.
   101 | D:1      | Reached XP level 2. HP: 24/26 MP: 1/1
   123 | D:1      | Reached skill level 3 in Unarmed Combat
   490 | D:1      | Reached XP level 3. HP: 24/31 MP: 2/2
   518 | D:1      | Reached skill level 4 in Unarmed Combat
   805 | D:2      | Reached XP level 4. HP: 31/38 MP: 3/3
  1100 | D:2      | Noticed Ijyb
  1103 | D:2      | Reached skill level 5 in Unarmed Combat
  1123 | D:2      | Killed Ijyb
  1219 | D:2      | Reached XP level 5. HP: 45/45 MP: 4/4
  1501 | D:3      | Reached skill level 6 in Unarmed Combat
  1954 | D:4      | Noticed an ogre
  1974 | D:4      | Killed an ogre
  1974 | D:4      | Reached skill level 7 in Unarmed Combat
  1974 | D:4      | Reached XP level 6. HP: 16/51 MP: 5/5
  2029 | D:4      | Reached skill level 8 in Unarmed Combat
  2029 | D:4      | Reached XP level 7. HP: 4/57 MP: 6/6
  2207 | D:4      | Found a roughly hewn altar of Beogh.
  2481 | D:4      | Reached skill level 9 in Unarmed Combat
  2934 | D:4      | Found an ancient bone altar of Kikubaaqudgha.
  2950 | D:4      | Reached XP level 8. HP: 62/62 MP: 7/7
  3016 | D:5      | Entered Level 5 of the Dungeon
  3112 | D:5      | Found a staircase to the Ecumenical Temple.
  3158 | Temple   | Entered the Ecumenical Temple
  3433 | D:5      | Reached skill level 10 in Unarmed Combat
  4345 | D:6      | You fall through a shaft!
  4647 | D:8      | Reached skill level 5 in Shields
  4647 | D:8      | Reached XP level 9. HP: 60/71 MP: 8/8
  4729 | D:8      | Found Notuwkir's General Store.
  4733 | D:8      | Got a dazzling morningstar {pain}
  4800 | D:8      | Bought a scroll of fog for 26 gold pieces
  4800 | D:8      | Bought 2 potions of agility for 104 gold pieces
  4800 | D:8      | Bought a potion of haste for 130 gold pieces
  4874 | D:7      | Reached skill level 11 in Unarmed Combat
  5119 | D:6      | Found an ornate altar of the Wu Jian Council.
  5130 | D:6      | Became a worshipper of the Wu Jian Council
  5722 | D:7      | Reached skill level 5 in Fighting
  5859 | D:7      | Got a steaming ring mail
  5870 | D:7      | Identified the +3 ring mail "Ymol" {MR++ Regen+ Dex-2} (You found it on level 7 of the Dungeon)
  6033 | D:7      | Found an iron altar of Okawaru.
  6033 | D:7      | Found a burning altar of Makhleb.
  6039 | D:7      | Got a jewelled plate armour
  6120 | D:7      | Identified the +12 plate armour of Beogh's Generosity {*Slow +Inv rElec Dex-3} (You took it off an orc on level 7 of the Dungeon)
  6220 | D:7      | Noticed Prince Ribbit
  6232 | D:7      | Killed Prince Ribbit
  6304 | D:7      | Found a basalt altar of Yredelemnul.
  6409 | D:8      | Reached * piety under Wu Jian
  6623 | D:8      | Found a deep blue altar of Sif Muna.
  6790 | D:8      | Found a bloodstained altar of Trog.
  6806 | D:8      | Reached skill level 12 in Unarmed Combat
  6806 | D:8      | Reached XP level 10. HP: 83/83 MP: 9/9
  7054 | D:9      | Noticed a two-headed ogre
  7063 | D:9      | Killed a two-headed ogre
  7063 | D:9      | Reached skill level 5 in Armour
  7101 | D:9      | Got a twisted long sword
  7170 | D:9      | Found a snail-covered altar of Cheibriados.
  7383 | D:9      | Reached skill level 13 in Unarmed Combat
  7426 | D:9      | Got a smoking quarterstaff
  7497 | D:9      | Reached ** piety under Wu Jian
  7910 | D:10     | Entered Level 10 of the Dungeon
  7955 | D:10     | Reached XP level 11. HP: 92/92 MP: 10/10
  8177 | D:10     | Found a staircase to the Lair.
  8350 | D:10     | Found a glowing golden altar of the Shining One.
  8540 | D:10     | Noticed a two-headed ogre
  8550 | D:10     | Killed a two-headed ogre
  8550 | D:10     | Reached skill level 14 in Unarmed Combat
  8707 | Lair:1   | Entered Level 1 of the Lair of Beasts
  8766 | Lair:1   | Noticed a five-headed hydra
  8767 | Lair:1   | forget if ghoul claws chop heads
  8772 | Lair:1   | Killed a five-headed hydra
  8821 | Lair:1   | Noticed a flayed ghost
  8823 | Lair:1   | what
  8826 | Lair:1   | Reached *** piety under Wu Jian
  8833 | Lair:1   | Killed a flayed ghost
  9668 | Lair:2   | Noticed a five-headed hydra
  9677 | Lair:2   | Killed a five-headed hydra
  9677 | Lair:2   | Reached skill level 15 in Unarmed Combat
  9685 | Lair:2   | Noticed a six-headed hydra
  9696 | Lair:2   | Killed a six-headed hydra
  9696 | Lair:2   | Reached XP level 12. HP: 72/104 MP: 11/11
 10511 | Lair:3   | Noticed Urug
 10524 | Lair:3   | Killed Urug
 10524 | Lair:3   | Reached skill level 10 in Fighting
 10669 | Lair:3   | Noticed a four-headed hydra
 10674 | Lair:3   | Killed a four-headed hydra
 10754 | Lair:3   | Reached skill level 16 in Unarmed Combat
 10774 | Lair:3   | Reached **** piety under Wu Jian
 10904 | Lair:3   | Found a hole to the Spider Nest.
 11258 | Lair:4   | Noticed a death yak
 11266 | Lair:4   | Killed a death yak
 11399 | Lair:4   | Reached XP level 13. HP: 109/114 MP: 12/12
 11571 | Lair:4   | Found a staircase to the Shoals.
 11733 | Lair:5   | Found a staircase to the Slime Pits.
 11733 | Lair:5   | Found a viscous altar of Jiyva.
 11766 | Lair:5   | Noticed Nessos
 11768 | Lair:5   | Noticed Snorg
 11768 | Lair:5   | yikes
 11791 | Lair:5   | Killed Nessos
 11994 | Lair:5   | Reached skill level 17 in Unarmed Combat
 12062 | Lair:5   | Killed Snorg
 12249 | Lair:6   | Entered Level 6 of the Lair of Beasts
 12291 | Lair:6   | Found a dark tunnel.
 12300 | Volcano  | Entered a volcano
 12378 | Volcano  | this fucking anaconda
 12961 | Volcano  | fuck off
 13210 | Lair:6   | Reached skill level 10 in Armour
 13210 | Lair:6   | Reached XP level 14. HP: 99/125 MP: 13/13
 13288 | Lair:6   | Noticed a dire elephant
 13296 | Lair:6   | Killed a dire elephant
 13646 | Lair:6   | Reached skill level 18 in Unarmed Combat
 13791 | Lair:6   | Reached ***** piety under Wu Jian
 13836 | Lair:6   | Noticed a dire elephant
 13851 | Lair:6   | Killed a dire elephant
 14005 | Lair:6   | Found a runed door.
 15149 | D:12     | Found a roughly hewn altar of Beogh.
 15149 | D:12     | Found a staircase to the Orcish Mines.
 15197 | Orc:1    | Entered Level 1 of the Orcish Mines
 15210 | Orc:2    | Entered Level 2 of the Orcish Mines
 15493 | D:12     | Noticed Harold
 15509 | D:12     | Killed Harold
 15509 | D:12     | Reached XP level 15. HP: 109/134 MP: 14/14
 16282 | Orc:2    | Found a staircase to the Elven Halls.
 16529 | Orc:1    | Reached skill level 1 in Throwing
 16700 | Orc:1    | Noticed Erolcha
 16711 | Orc:1    | Killed Erolcha
 16711 | Orc:1    | Reached skill level 19 in Unarmed Combat
 17036 | Orc:2    | Found Uxir's Food Boutique.
 17049 | Orc:2    | Found Haton's General Store.
 17382 | Orc:2    | Found Sirgh's Antique Armour Shoppe.
 17382 | Orc:2    | Found Gudas's Book Emporium.
 17383 | Orc:2    | Found a one-way gate leading to the halls of Pandemonium.
 17388 | Orc:2    | Reached skill level 5 in Throwing
 17439 | Orc:2    | Bought 3 potions of resistance for 420 gold pieces
 17439 | Orc:2    | Bought a potion of curing for 42 gold pieces
 18726 | D:13     | Found a gateway to a bazaar.
 18738 | Bazaar   | Entered a bazaar
 18738 | Bazaar   | Found Dayler's Antique Weapon Shop.
 18738 | Bazaar   | Found Poruraid's Antique Armour Shop.
 18762 | Bazaar   | Found Zaocsuq's Distillery.
 18812 | Bazaar   | Bought 2 potions of heal wounds for 160 gold pieces
 18812 | Bazaar   | Bought a potion of heal wounds for 80 gold pieces
 18812 | Bazaar   | Bought a potion of haste for 160 gold pieces
 18812 | Bazaar   | Bought a potion of curing for 48 gold pieces
 18812 | Bazaar   | Bought a potion of agility for 64 gold pieces
 18986 | D:14     | You fall through a shaft!
 18986 | D:15     | Entered Level 15 of the Dungeon
 19079 | D:15     | Reached skill level 20 in Unarmed Combat
 19080 | D:15     | Reached XP level 16. HP: 41/141 MP: 15/15
 19192 | D:15     | Found a staircase to the Depths.
 19644 | D:14     | Noticed Josephine
 19648 | D:14     | Killed Josephine
 19697 | D:14     | Found a gate to the Vaults.
 20226 | D:14     | Noticed Kirke
 20236 | D:14     | Killed Kirke
 20245 | D:14     | Found a runed door.
 20527 | Spider:1 | Entered Level 1 of the Spider Nest
 20531 | Spider:1 | Reached skill level 10 in Throwing
 20551 | Spider:1 | Noticed Agnes
 20557 | Spider:1 | Killed Agnes
 21159 | Spider:1 | Reached ****** piety under Wu Jian
 21440 | Spider:2 | Reached XP level 17. HP: 107/148 MP: 3/16
 22470 | Spider:4 | Entered Level 4 of the Spider Nest
 23115 | Spider:4 | Reached skill level 10 in Shields
 23254 | Spider:4 | Got a gossamer rune of Zot
 23709 | Shoals:1 | Entered Level 1 of the Shoals
 24026 | Shoals:1 | Reached XP level 18. HP: 134/159 MP: 17/17
 24392 | Shoals:1 | Found Ytiziy's Food Emporium.
 24501 | Shoals:2 | Found a frozen archway.
 24510 | IceCv    | Entered an ice cave
 25386 | IceCv    | Noticed an Ice Fiend
 25417 | IceCv    | Killed an Ice Fiend
 25959 | Shoals:2 | HP: 7/160 [water elemental (4)]
 26367 | Shoals:3 | Noticed ThermosAquaticus's ghost (adept TrFi)
 26381 | Shoals:3 | Killed ThermosAquaticus's ghost
 26963 | Shoals:4 | Entered Level 4 of the Shoals
 27355 | Shoals:4 | Reached skill level 21 in Unarmed Combat
 27434 | Shoals:4 | Reached XP level 19. HP: 147/168 MP: 12/18
 27464 | Shoals:4 | Noticed Ilsuiw
 27475 | Shoals:4 | Killed Ilsuiw
 27735 | Shoals:4 | Noticed Polyphemus
 27744 | Shoals:4 | Killed Polyphemus
 28089 | Shoals:4 | Got a barnacled rune of Zot
 28402 | Vaults:1 | Entered Level 1 of the Vaults
 28653 | Vaults:1 | Reached skill level 15 in Fighting
 28783 | Vaults:1 | You fall through a shaft!
 29151 | Vaults:2 | Found Fuak's Antique Weapon Shop.
 29372 | Vaults:2 | Paralysed by an ogre mage for 3 turns
 29646 | Vaults:2 | Reached XP level 20. HP: 175/179 MP: 19/19
 29663 | Vaults:2 | Noticed Donald
 29671 | Vaults:2 | Killed Donald
 30347 | Vaults:1 | Reached skill level 15 in Throwing
 30372 | Vaults:1 | Cast into level 2 of the Abyss (a wizard)
 30376 | Abyss:2  | Found a corrupted altar of Lugonu.
 30448 | Vaults:1 | Escaped the Abyss
 30886 | Vaults:1 | Found a roughly hewn altar of Beogh.
 31282 | Vaults:3 | Noticed Jorgrun
 31292 | Vaults:3 | Killed Jorgrun
 31292 | Vaults:3 | Reached skill level 22 in Unarmed Combat
 31334 | Vaults:3 | Found a ruined gateway.
 31356 | Desolati | Entered the Desolation of Salt
 31645 | Vaults:3 | Reached XP level 21. HP: 186/188 MP: 20/20
 31760 | Vaults:3 | Found a staircase to the Crypt.
 31760 | Vaults:3 | Found a basalt altar of Yredelemnul.
 31760 | Vaults:3 | Found an ancient bone altar of Kikubaaqudgha.
 32012 | Vaults:3 | Noticed Saint Roka
 32035 | Vaults:3 | Killed Saint Roka
 32410 | Crypt:1  | Entered Level 1 of the Crypt
 32567 | Crypt:1  | Noticed Jory
 32581 | Crypt:1  | Killed Jory
 32773 | Crypt:1  | Noticed Mara
 32775 | Crypt:1  | Noticed nht's illusion
 33628 | Crypt:3  | Entered Level 3 of the Crypt
 33689 | Crypt:3  | Found a staircase to the Tomb.
 34111 | Crypt:3  | Reached XP level 22. HP: 198/198 MP: 21/21
 34142 | Crypt:3  | Noticed Frederick
 34160 | Crypt:3  | Killed Frederick
 34545 | Crypt:3  | Found an ancient bone altar of Kikubaaqudgha.
 35578 | Vaults:4 | Reached skill level 23 in Unarmed Combat
 35593 | Vaults:4 | Reached skill level 15 in Armour
 35722 | Vaults:4 | Found a portal to a secret trove of treasure.
 36094 | Vaults:4 | Reached XP level 23. HP: 204/209 MP: 22/22
 36961 | Vaults:5 | Entered Level 5 of the Vaults
 36994 | Vaults:5 | Reached skill level 15 in Shields
 37040 | Vaults:5 | Got a pitted lead ring
 37041 | Vaults:5 | Identified the ring of Zuxtem {rElec rN+ AC+2 Int+4 Slay+2} (You found it on level 5 of the Vaults)
 37150 | Vaults:5 | Noticed a golden dragon
 37157 | Vaults:5 | Noticed a golden dragon
 37158 | Vaults:5 | Noticed a golden dragon
 37160 | Vaults:5 | Killed a golden dragon
 37168 | Vaults:5 | Cast into level 2 of the Abyss (a deep elf demonologist)
 37507 | Vaults:5 | Escaped the Abyss
 37509 | Vaults:5 | Reached skill level 24 in Unarmed Combat
 37543 | Vaults:5 | Reached XP level 24. HP: 90/220 MP: 22/22
 37677 | Vaults:5 | Killed from afar by a golden dragon

Vault maps used:
D:1:      dpeg_arrival_caged_fury
D:2:      kennysheep_the_goblin_king, minmay_pentomino_z2
D:4:      kennysheep_vampire_church, first_bread, kennysheep_orc_chapel
D:5:      minmay_temple_entry_glassed_door
D:6:      lemuel_crystal_altar, minmay_small_thing
D:7:      minitemple, uniq_prince_ribbit1
D:8:      led_sif_pool, kennysheep_little_box, serial_shops, shop
D:9:      cheibriados_altar_1, blue_anna_alchemist
D:10:     due_lair_maze_entry_diamond, grunt_decor_arrowhead, tso_altar
D:12:     kennysheep_blocky_hall, david_orc_5, serial_park_tiny_2, uniq_harold
D:13:     serial_shops, bzr_firewalk, hangedman_abyss_or_decor_passed
D:14:     erik_vaults_1, serial_park_tiny_pond, minmay_hidden_floor, uniq_kirke,
          uniq_josephine
D:15:     grunt_enter_depths_hoard, nicolae_wwwww,
          minmay_misc_feat_secret_circle
Temple:   nicolae_temple_great_sept
Lair:1:   nicolae_quartered_pool_super, grunt_forest_small_clearings,
          minivault_11, grunt_forest_stairs_basic
Lair:2:   bh_chokoban, minivault_19, st_stairs_11, beast_lair_carwin_8
Lair:3:   dummy_spider_entry, uniq_urug
Lair:4:   minmay_shoals_entry_centaurs, beast_lair_carwin_3
Lair:5:   slime_altar_1, uniq_nessos, uniq_snorg
Lair:6:   hangedman_lair_in_review, wormcave, enter_volcano_2,
          minmay_lindwurm_lava
Shoals:1: serial_shops, nicolae_shop_behind_doors
Shoals:2: portal_ice_cave_entry_pillars_four
Shoals:4: shoals_end_grunt_ice, shoal_ilsuiw, nicolae_shoals_isolated_beach,
          uniq_polyphemus
Spider:1: uniq_agnes
Spider:2: einodemon_crawler_minivault
Spider:4: guppyfry_spider_rune
Orc:1:    uniq_erolcha
Orc:2:    pf_orc_diabolical
Vaults:1: ontoclasm_vaults_ligature, nicolae_vaults_hallways_thing,
          vaults_room_boxed, v_misc_9, vaults_dpeg_cross,
          hangedman_vaults_restitches, hangedman_vaults_stream,
          hangedman_vaults_nails, nicolae_vaults_network_star,
          nicolae_vaults_diagonal_hallway_7, special_room_vaults,
          nicolae_vaults_little_squares_3, nicolae_vaults_little_squares_3
Vaults:2: v_misc_2, grunt_vaults_swirl, hangedman_vaults_river_flow,
          nicolae_vaults_angled_halls, v_pattern_5, v_misc_24,
          nicolae_vaults_three_branches, serial_shops, shop, uniq_donald
Vaults:3: hangedman_vaults_stitches, grunt_vaults_trifunnel,
          minmay_crypt_entry_necro_gods, nicolae_vaults_ring_of_whatevers,
          nicolae_vaults_asterisk, nicolae_vaults_yaktaur_gun_rack, v_misc_3,
          vaults_room_stairs_pillars, v_pattern_2, vaults_room_pools,
          nicolae_vaults_specimen_jars, v_misc_15,
          nicolae_vaults_mini_display_case, portal_desolation_entry_salt,
          uniq_saint_roka, uniq_jorgrun
Vaults:4: nicolae_vaults_big_ls, v_rooms_6, vaults_mumra_hex,
          hangedman_vaults_variations, nicolae_vaults_little_squares_5,
          vaults_room_corners, v_misc_22, nicolae_vaults_branching_niches,
          ontoclasm_vaults_eye, ontoclasm_vaults_claustrophobia,
          vaults_dpeg_encased_lava, ontoclasm_vaults_fault,
          nicolae_vaults_little_ls, vaults_mumra_lcd, enter_trove_2
Vaults:5: serial_shops
Crypt:1:  uniq_mara, uniq_jory
Crypt:3:  church_of_pain_bobbens, hex_large, nrook_guardian_serpent_ordinary,
          uniq_frederick
Bazaar:   bazaar_jpeg_cross
IceCv:    ice_cave_caverns_01
Volcano:  volcano_tomb

Skill      XL: |  1  2  3  4  5  6  7  8  9 10 11 12 13 14 15 16 17 18 19 20 21 22 23 24 |
---------------+-------------------------------------------------------------------------+-----
Unarmed Combat | 3 4 5 7 8 9 10 12 13 15 16 17 18 20 21 22 23 24 | 24.5
Shields        | 3 5 6 7 9 10 11 12 13 14 15 | 15.0
Armour         | 3 4 6 7 8 10 11 12 13 14 15 16 | 16.3
Fighting       | 4 5 7 9 10 11 12 13 14 15 16 17 18 19 | 19.2
Throwing       | 6 12 13 14 15 16 | 16.6

Action                   |  1- 3 |  4- 6 |  7- 9 | 10-12 | 13-15 | 16-18 | 19-21 | 22-24 || total
-------------------------+-------+-------+-------+-------+-------+-------+-------+-------++-------
Melee: Unarmed           |   122 |   165 |   391 |   572 |  1365 |  1888 |  1881 |  1249 ||  7633
Throw: Tomahawk          |       |       |       |       |       |     6 |    62 |     6 ||    74
Invok: Serpent's Lash    |       |       |       |     1 |     5 |     4 |     7 |     2 ||    19
       Heaven On Earth   |       |       |       |       |     3 |     4 |     5 |     4 ||    16
Evoke: Wand              |       |     2 |    28 |    31 |    38 |    58 |     2 |    11 ||   170
       Phial of floods   |       |       |       |       |       |     1 |       |       ||     1
  Use: Potion            |     3 |     5 |     1 |       |     6 |    11 |     1 |     4 ||    31
       Scroll            |       |       |    19 |     6 |     6 |    12 |    12 |     4 ||    59
 Stab: Confused          |       |     1 |     2 |     1 |     3 |    11 |       |       ||    18
       Petrifying        |       |       |       |       |     1 |       |       |       ||     1
       Paralysed         |       |       |       |       |       |       |     1 |       ||     1
       Distracted        |       |       |       |       |       |       |       |     1 ||     1
  Eat: Chunk             |     6 |    14 |    43 |    48 |   122 |   210 |   157 |    61 ||   661
       Meat ration       |       |       |       |       |       |       |       |     1 ||     1
Armor: Scale mail        |    45 |    21 |   128 |       |       |       |       |       ||   194
       Plate armour      |       |       |    27 |   323 |   557 |   997 |   509 |   275 ||  2688
       Ring mail         |       |       |    11 |       |       |       |       |       ||    11
Dodge: Dodged            |    51 |    30 |   152 |    86 |   236 |   398 |   198 |   109 ||  1260
Block: Shield            |    63 |    81 |     5 |       |       |   700 |   736 |   484 ||  2069
       Buckler           |       |       |    69 |    72 |   193 |    27 |       |       ||   361
       Reflection        |       |       |       |       |       |       |    46 |    26 ||    72
